 Dungeon Crawl Stone Soup version 0.28-a0-1033-g1a2f33fa85 (webtiles) character file.

Game seed: 12695384603443865486

107 meatgazer the Chopper (level 4, -5/42 HPs)
             Began as a Hill Orc Monk on Dec 7, 2021.
             Was an Initiate of Ru.
             Succumbed to a scorpion's poison
             ... on level 5 of the Dungeon.
             The game lasted 00:04:08 (2536 turns).

meatgazer the Chopper (Hill Orc Monk)               Turns: 2536, Time: 00:04:08

Health: -5/42      AC:  3    Str: 15    XL:     4   Next: 85%
Magic:  4/4        EV: 12    Int: 10    God:    Ru [......]
Gold:   127        SH:  0    Dex: 13    Spells: 3/3 levels left

rFire   . . .      SeeInvis .   a - +0 hand axe
rCold   . . .      Faith    .   (no shield)
rNeg    . . .      Spirit   .   b - +1 robe
rPois   .          Reflect  .   (helmet restricted)
rElec   .          Harm     .   (no cloak)
rCorr   .          Rampage  .   (no gloves)
Will    .....                   (no boots)
Stlth   ++........              (no amulet)
HPRegen 0.14/turn               (no ring)
MPRegen 0.09/turn               (no ring)

@: lethally poisoned (-5 -> -35)
A: missing an eye, antennae 1, sturdy frame 1
a: Renounce Religion


You were on level 5 of the Dungeon.
You worshipped Ru.
Ru was noncommittal.
You visited 1 branch of the dungeon, and saw 5 of its levels.

You collected 127 gold pieces.

Inventory:

Hand Weapons
 a - a +0 hand axe (weapon)
Armour
 b - a +1 robe (worn)
Jewellery
 e - a ring of fire
Wands
 d - a wand of digging (4)
Potions
 f - a potion of resistance {unknown}


   Skills:
 + Level 5.3 Fighting
 + Level 5.7 Axes
 - Level 2.4 Dodging
 - Level 1.5 Stealth


You had 3 spell levels left.
You didn't know any spells.
Your spell library was empty.

Dungeon Overview and Level Annotations

Branches:
Dungeon (5/15)
 Temple: D:4-7

Altars:
Ru
Trog


Innate Abilities, Weirdness & Mutations

You are missing an eye, making it more difficult to aim.
You have a pair of small antennae on your head.
Your movements are slightly less encumbered by armour. (ER -2)


Message History

Ru asks you to sacrifice an eye.
This is a modest sacrifice.
Piety after sacrifice: ......
Do you really want to make this sacrifice?
Your right eye vanishes!
The world loses its depth.
The giant cockroach closely misses you.
The scorpion stings you but does no damage.
The giant cockroach misses you.
There are monsters nearby!
There are monsters nearby!
Okay, then.
The scorpion stings you but does no damage.
The giant cockroach barely misses you. The giant cockroach closely misses you.
The scorpion stings you.
You are poisoned.
The scorpion poisons you!
Really quaff the potion of mutation?
You feel extremely strange.
Your talons dull and shrink into feet.
A pair of antennae grows on your head!
You feel very sick. The scorpion stings you.
You are lethally poisoned!
The scorpion poisons you!
You miss the scorpion.
* * * LOW HITPOINT WARNING * * *
You feel very sick.
The scorpion stings you but does no damage.
You completely miss the scorpion.
* * * LOW HITPOINT WARNING * * *
You feel very sick. The scorpion stings you.
* * * LOW HITPOINT WARNING * * *
You are more poisoned.
The scorpion poisons you! The scorpion stings you.
* * * LOW HITPOINT WARNING * * *
Unknown command.
Unknown command.
Unknown command.
You closely miss the scorpion.
You die...

.# .#
#####.###
#.......
###.....# #
#...)...#
#.#.#.....#
#.?@sB....#
#.###..#####
#...<........
#####........
.........
##...#####
#...# ....#
#.#$#


You could see a scorpion and a giant cockroach.

Vanquished Creatures
  Jessica (D:2)
  3 adders
  2 dart slugs
  An orc (D:3)
  9 bats
  5 endoplasms
  3 giant cockroaches
  3 hobgoblins
  2 jackals (D:3)
  4 kobolds
  A quokka (D:3)
  4 ball pythons
  2 frilled lizards
  2 goblins (D:1)
  4 rats
46 creatures vanquished.

Notes
Turn   | Place    | Note
-------+----------+-------------------------------------------
     0 | D:1      | meatgazer the Hill Orc Monk began the quest for the Orb.
     0 | D:1      | Reached XP level 1. HP: 19/19 MP: 1/1
   466 | D:1      | Reached XP level 2. HP: 27/27 MP: 2/2
  1161 | D:2      | Gained mutation: Armour fits poorly on your strangely
                  | shaped body. [potion of mutation]
  1161 | D:2      | Gained mutation: Your movements are slightly less
                  | encumbered by armour. (ER -2) [potion of mutation]
  1161 | D:2      | Gained mutation: Your flesh is heat resistant. (rF+)
                  | [potion of mutation]
  1207 | D:2      | Noticed Jessica
  1217 | D:2      | Killed Jessica
  1218 | D:2      | Reached skill level 5 in Axes
  1218 | D:2      | Reached XP level 3. HP: 28/34 MP: 3/3
  1223 | D:2      | Lost mutation: Armour fits poorly on your strangely shaped
                  | body. [potion of mutation]
  1223 | D:2      | Lost mutation: Your flesh is heat resistant. (rF+) [potion
                  | of mutation]
  1223 | D:2      | Gained mutation: Your body sometimes deteriorates upon
                  | taking damage. [potion of mutation]
  1223 | D:2      | Lost mutation: Your body sometimes deteriorates upon taking
                  | damage. [potion of mutation]
  1223 | D:2      | Gained mutation: You have sharp toenails. [potion of
                  | mutation]
  1330 | D:2      | Found a bloodstained altar of Trog.
  1349 | D:2      | Reached XP level 4. HP: 32/41 MP: 4/4
  2005 | D:3      | Reached skill level 5 in Fighting
  2498 | D:3      | Found a faded altar of an unknown god.
  2506 | D:3      | Prayed at the altar of an unknown god.
  2506 | D:3      | Became a worshipper of Ru the Awakened
  2508 | D:3      | You fall into a shaft and drop 1 floor!
  2526 | D:5      | Entered Level 5 of the Dungeon
  2526 | D:5      | Noticed a scorpion
  2529 | D:5      | Gained mutation: You are missing an eye, making it more
                  | difficult to aim. [Ru sacrifice]
  2533 | D:5      | Lost mutation: You have sharp toenails. [potion of
                  | mutation]
  2533 | D:5      | Gained mutation: You have a pair of small antennae on your
                  | head. [potion of mutation]
  2535 | D:5      | HP: 1/42 [scorpion (3)]
  2536 | D:5      | Succumbed to a scorpion's poison

Illustrated notes

Levels and vault maps discovered:
D:1:      matt_arrival_refuge, layout_basic
D:2:      layout_loops_ring, basic_altar, uniq_jessica
D:3:      layout_loops_ring, hellmonk_ecumenical_altar_leap_of_faith
D:4:      layout_layer_cave, led_sif_pool, portal_sewer_entry_b,
          uniq_crazy_yiuf_cottage, uniq_menkaure
D:5:      layout_basic

Skill      XL: |  1  2  3  4 |
---------------+-------------+-----
Fighting       | 4 5 |  5.3
Axes           | 5 |  5.7
Dodging        | |  2.4
Stealth        | |  1.5

Action                   |  1- 3 |  4- 6 || total
-------------------------+-------+-------++-------
Melee: Hand axe          |    60 |    67 ||   127
       Kick              |     3 |    12 ||    15
Invok: Sacrifice an Eye  |       |     1 ||     1
  Use: Scroll            |     1 |     6 ||     7
       Potion            |     3 |     1 ||     4
 Stab: Sleeping          |     4 |     7 ||    11
Armor: Robe              |    17 |    17 ||    34
Dodge: Dodged            |    37 |    42 ||    79

Table legend: (Time is in decaauts)
 A = Elapsed time spent in this place.
 B = Non-inter-level travel time spent in this place.
 C = Inter-level travel time spent in this place.
 D = Time resting spent in this place.
 E = Time spent auto-exploring this place.
 F = Levels seen in this place.
 G = Mean time per level.
                   A        B        C        D        E       F      G
               +--------+--------+--------+--------+--------+-----+--------+
         Total |   2542 |   2492 |     50 |     33 |   2084 |   5 |  508.4 |
       Dungeon |   2542 |   2492 |     50 |     33 |   2084 |   5 |  508.4 |
               +--------+--------+--------+--------+--------+-----+--------+

Top non-repeatable levels by time:
     D:1: 1163 daAuts
     D:2: 819 daAuts
     D:3: 532 daAuts
     D:4: 18 daAuts
     D:5: 9 daAuts
